Map: Kairos Junction LE

Players

Subwaymaker

  • Race: Zerg Zerg
  • League: Gold
  • Spawn Location: 11:00

Mesrob

  • Race: Protoss Protoss
  • League: Platinum
  • Spawn Location: 5:00

WalriLord

  • Race: Protoss Protoss

VOD

Have the link to the VOD?

Description

Time

  • Played on: Aug. 12, 2019, 7:47 p.m.
  • Length: 18:40
Show
View Real Time Build Order
Export as new Build Order

Subwaymaker Zerg 

Build Orders: Hatch First 

Get SALT Encoding   

  12  0:06  Drone  
  13  0:08  Drone  
  14  0:16  Extractor, Drone  
  15  0:23  Overlord  
  15  0:43  Drone  
  15  0:47  Drone  
  17  1:03  Hatchery  
  16  1:05  Drone  
  16  1:06  Drone  
  18  1:16  Spawning Pool  
  17  1:23  Extractor  
  16  1:27  Drone x2  
  18  1:44  Drone x2  
  20  2:03  Drone  
  21  2:10  Zergling x2  
  21  2:14  Queen  
  24  2:16  Overlord  
  24  2:22  Queen  
  26  2:24  Zergling x2  
  26  2:27  Zergling x2  
  28  2:34  Overlord  
  28  2:37  Metabolic Boost  
  28  2:45  Drone x2  
  30  2:57  Queen  
  32  3:02  Drone x2  
  32  3:03  Drone x2  
  36  3:12  Drone  
  37  3:13  Drone  
  37  3:16  Lair  
  36  3:31  Evolution Chamber  
  35  3:35  Evolution Chamber  
  34  3:46  Roach Warren  
  34  3:56  Roach Warren  
  33  4:03  Drone x3  
  33  4:08  Extractor, Overlord x2  
  35  4:11  Extractor  
  34  4:22  Extractor  
  33  4:29  Hydralisk Den  
  32  4:38  Roach x6  
  44  4:44  Queen  
  46  4:48  Hatchery  
  45  4:59  Drone  
  46  5:00  Drone x4  
  50  5:13  Queen  
  52  5:17  Overlord x3  
  52  5:40  Zerg Melee Weapons Level 1  
  52  5:42  Zerg Missile Weapons Level 1  
  52  5:45  Drone  
  52  5:46  Drone x6  
  59  5:55  Glial Reconstitution  
  59  6:20  Drone x3  
  59  6:22  Roach x4  
  59  6:23  Roach x4  
  78  6:43  Drone x4  
  78  6:45  Overlord x4  
  78  6:46  Overlord  
  82  7:14  Tunneling Claws, Roach  
  82  7:15  Roach x8  
  100  7:34  Hydralisk  
  100  7:35  Hydralisk x5  
  112  7:38  Overlord  
  112  7:40  Hatchery  
  112  7:41  Drone  
  112  7:42  Drone x2  
  112  7:43  Drone  
  115  7:57  Extractor  
  114  7:59  Spore Crawler  
  114  8:00  Hydralisk  
  114  8:01  Extractor, Hydralisk x3  
  120  8:31  Hydralisk x5  
  130  8:34  Overlord x4  
  130  8:41  Spore Crawler  
  129  8:50  Drone  
  130  8:58  Zerg Melee Weapons Level 2, Zerg Missile Weapons Level 2  
  130  9:01  Grooved Spines  
  130  9:13  Infestation Pit  
  130  9:17  Drone x7  
  136  9:35  Roach x5  
  146  9:39  Drone x3  
  149  9:54  Hive  
  147  10:12  Roach  
  147  10:13  Hydralisk, Roach x9  
  150  10:16  Drone  
  150  10:17  Drone  
  126  10:42  Drone x7, Spire  
  132  10:43  Drone x6  
  132  10:57  Muscular Augments  
  132  11:01  Roach x4  
  132  11:02  Hydralisk  
  108  11:14  Zerg Ground Armor Level 1  
  106  11:37  Hydralisk  
  106  11:38  Extractor, Roach x13  
  106  11:39  Hydralisk, Roach x4  
  143  11:40  Extractor  
  143  11:54  Drone x4  
  146  12:06  Corruptor x2  
  146  12:07  Corruptor x4  
  158  12:10  Greater Spire  
  158  12:20  Drone x2  
  158  12:21  Drone  
  161  12:23  Hydralisk x3  
  161  12:26  Overlord  
  161  12:27  Overlord x2  
  167  12:33  Zerg Missile Weapons Level 3  
  167  13:02  Hydralisk x3, Roach x3  
  167  13:03  Roach x6  
  191  13:07  Overlord x2  
  191  13:08  Overlord  
  191  13:12  Hatchery  
  191  13:15  Zerg Ground Armor Level 2  
  190  13:26  Brood Lord  
  190  13:27  Brood Lord x2  
  196  13:29  Brood Lord  
  196  13:32  Brood Lord  
  198  13:49  Hydralisk x4  
  198  13:50  Hydralisk, Roach  
  198  13:51  Hydralisk, Roach  
  190  13:56  Roach  
  190  13:57  Roach x4  
  190  13:59  Roach  
  186  14:21  Hydralisk x7  
  152  14:54  Corruptor x3  
  152  14:55  Corruptor x8  
  152  14:56  Roach  
  152  14:58  Roach  
  120  15:23  Roach x11  
  138  15:32  Overseer  
  138  15:33  Overseer  
  138  15:36  Overseer  
  138  15:48  Pneumatized Carapace  
  138  15:49  Hydralisk  
  138  15:50  Hydralisk x10  
  150  16:09  Hydralisk x4  
  150  16:10  Hydralisk x3, Roach  
  148  16:25  Overseer  
  139  16:36  Hydralisk x6  
  139  16:37  Hydralisk  
  152  16:41  Drone x4  
  156  16:50  Drone x4  
  160  17:03  Hydralisk x3  
  160  17:04  Roach  
  168  17:10  Corruptor  
Show
View Real Time Build Order
Export as new Build Order

Mesrob Protoss 

Build Orders:  

Get SALT Encoding   

  12  0:01  Probe  
  13  0:13  Probe  
  14  0:22  Pylon  
  14  0:24  Probe  
  15  0:36  Probe  
  15  0:38  Assimilator  
  16  0:47  Probe  
  17  0:51  Gateway  
  17  0:59  Probe  
  18  1:11  Probe  
  19  1:25  Gateway  
  19  1:50  Cybernetics Core  
  19  1:51  Zealot  
  21  1:57  Probe, Nexus  
  22  2:05  Probe  
  23  2:18  Assimilator  
  23  2:26  Pylon  
  23  2:37  Pylon  
  23  2:44  Sentry, Probe  
  26  2:49  Stalker  
  28  2:56  Probe  
  29  3:03  Assimilator  
  29  3:08  Probe  
  30  3:13  Robotics Facility  
  30  3:20  Probe  
  30  3:26  Zealot  
  33  3:32  Probe x2  
  35  3:41  Probe  
  35  3:42  Probe  
  37  3:49  Probe  
  37  3:50  Probe  
  37  3:52  Warp Gate  
  37  3:53  Pylon  
  39  3:58  Probe  
  39  3:59  Probe  
  39  4:00  Stalker  
  43  4:05  Stalker  
  45  4:11  Probe  
  45  4:12  Observer  
  47  4:19  Probe  
  47  4:21  Assimilator  
  47  4:23  Probe  
  49  4:30  Probe  
  49  4:34  Gateway  
  49  4:35  Probe, Gateway  
  49  4:38  Probe  
  52  4:46  Probe  
  52  4:47  Probe  
  52  4:50  Immortal  
  58  4:58  Probe  
  58  4:59  Stalker  
  61  5:02  Probe  
  62  5:08  Pylon  
  62  5:12  Pylon  
  62  5:25  Probe  
  62  5:26  Sentry  
  65  5:29  Stalker  
  65  5:33  Probe  
  67  5:41  Probe  
  68  5:42  Nexus  
  69  5:52  Stalker  
  71  5:59  Sentry  
  71  6:01  Assimilator, Zealot  
  71  6:02  Zealot  
  77  6:05  Pylon  
  77  6:07  Pylon  
  77  6:17  Pylon  
  77  6:22  Pylon  
  77  6:23  Stalker  
  79  6:26  Pylon  
  79  6:32  Immortal  
  83  6:43  Pylon  
  83  6:44  Zealot  
  85  6:47  Pylon  
  85  6:52  Pylon  
  85  6:56  Probe  
  86  7:07  Stalker x3  
  86  7:08  Probe  
  93  7:20  Probe  
  94  7:25  Nexus  
  94  7:27  Probe  
  94  7:32  Assimilator, Probe  
  94  7:35  Assimilator, Probe  
  96  7:42  Robotics Facility  
  97  7:44  Probe x2  
  97  7:50  Twilight Council  
  99  7:56  Forge, Probe x2  
  101  8:00  Nexus  
  101  8:06  Stargate  
  101  8:08  Immortal, Probe  
  102  8:18  Stalker  
  108  8:20  Probe  
  109  8:27  Immortal  
  109  8:30  Protoss Ground Weapons Level 1  
  109  8:33  Probe  
  110  8:35  Zealot x2  
  118  8:43  Immortal  
  118  8:45  Probe  
  123  8:49  Stalker  
  123  8:51  Sentry  
  123  8:53  Probe  
  128  8:57  Probe  
  128  9:01  Nexus  
  129  9:05  Probe  
  129  9:08  Void Ray  
  129  9:09  Probe  
  135  9:13  Probe  
  135  9:16  Protoss Air Weapons Level 1, Probe  
  137  9:17  Probe  
  137  9:21  Probe  
  137  9:22  Probe x2  
  140  9:27  Immortal  
  140  9:28  Probe  
  140  9:30  Probe  
  147  9:34  Probe  
  148  9:40  Probe  
  148  9:42  Robotics Bay x2  
  149  9:48  Fleet Beacon  
  149  9:49  Probe  
  150  9:52  Dark Shrine  
  150  9:54  Probe  
  150  9:55  Probe  
  152  10:01  Probe  
  152  10:05  Probe  
  154  10:08  Probe  
  154  10:13  Probe  
  142  10:17  Probe  
  142  10:20  Probe  
  132  10:25  Probe  
  133  10:32  Probe  
  133  10:33  Stalker x4, Immortal x2  
  150  10:46  Gateway  
  150  10:48  Gateway  
  150  10:50  Gateway  
  150  10:52  Gateway  
  150  10:55  Void Ray  
  124  11:05  Zealot  
  124  11:06  Zealot  
  124  11:07  Colossus  
  124  11:08  Colossus  
  105  11:14  Stalker x2  
  105  11:15  Probe  
  105  11:17  Probe  
  119  11:27  Probe  
  119  11:29  Probe x2  
  122  11:35  Protoss Ground Armor Level 1  
  122  11:36  Assimilator  
  122  11:39  Stalker x4, Probe  
  131  11:42  Probe  
  131  11:43  Probe  
  133  11:47  Assimilator  
  133  11:53  Blink  
  133  11:57  Nexus  
  133  12:00  Colossus  
  133  12:01  Colossus  
  133  12:08  Zealot x8  
  161  12:11  Probe  
  162  12:16  Assimilator  
  162  12:19  Probe  
  162  12:20  Assimilator x2  
  163  12:23  Probe  
  164  12:32  Probe  
  165  12:38  Dark Templar x5  
  165  12:40  Zealot x3  
  165  12:43  Immortal  
  165  12:44  Probe  
  182  12:55  Immortal  
  190  13:06  Stalker x3  
  190  13:12  Stalker x2  
  200  13:44  Protoss Shields Level 1  
  200  13:51  Probe  
  200  13:54  Charge  
  200  13:55  Immortal x2  
  133  14:03  Probe  
  133  14:08  Void Ray  
  134  14:12  Stargate  
  134  14:13  Stalker x3  
  134  14:14  Stalker, Stargate  
  142  14:20  Stargate  
  142  14:21  Stalker  
  142  14:22  Zealot x3  
  150  14:34  Immortal x2  
  150  14:37  Zealot x3  
  150  14:38  Zealot  
  138  14:49  Dark Templar x2  
  138  14:51  Void Ray  
  130  14:53  Dark Templar x2  
  120  15:32  Pylon  
  120  15:34  Void Ray  
  124  15:41  Pylon  
  124  15:42  Pylon  
  124  15:48  Probe  
  125  15:51  Gateway  
  123  16:01  Probe  
  120  16:05  Carrier  
  120  16:06  Zealot, Carrier  
  120  16:07  Zealot x3, Carrier  
  120  16:08  Zealot  
  128  16:13  Void Ray  
  144  16:31  Dark Templar  
  144  16:32  Dark Templar  
  148  16:43  Void Ray  
  148  16:45  Archon  
  148  16:58  Zealot x2  
  152  17:02  Nexus  
  152  17:06  Immortal x2  
  178  17:22  Cybernetics Core  
Show
View Real Time Build Order
Export as new Build Order

WalriLord Protoss 

Build Orders:  

Get SALT Encoding   

Tags
 
Add a new tag
Caveats
  • Supply blocks, unpowered buildings, or Contaminate may cause inaccurate times.
  • Supply counts are checked every 10 seconds.